 Dungeon Crawl Stone Soup version 0.22-a0-558-gc224181 (webtiles) character file.

1923078 Salmacis the Slayer (level 27, 206/228 (231) HPs)
             Began as a Formicid Fighter on June 26, 2018.
             Was the Champion of Okawaru.
             Escaped with the Orb
             ... and 3 runes!
             The game lasted 02:28:46 (54504 turns).

Salmacis the Slayer (Formicid Fighter)             Turns: 54504, Time: 02:28:47

HP:   206/228 (231) AC: 36    Str: 35    XL:     27
MP:   44/44         EV: 20    Int: 15    God:    Okawaru [******]
Gold: 4230          SH: 35    Dex: 17    Spells: 26/26 levels left

rFire    + + +     SeeInvis +   b - +6 battleaxe (vamp)
rCold    + + .     Gourm    .   n - +2 large shield of the Heron {*Drain +Fly rF+++ rN+}
rNeg     + . .     Faith    .   u - +0 gold dragon scales
rPois    +         Spirit   .   (helmet unavailable)
rElec    +         Reflect  +   M - +0 cloak "Mubu" {*Drain +Fly rElec Str+6}
rCorr    .         Harm     .   H - +2 pair of gloves of the Lair of Beasts {MR+ MP+9 Str+4}
MR       +++..                  Y - +2 pair of boots {Fly}
Stlth    ..........             R - +6 amulet of reflection
HPRegen  0.48/turn              t - +4 ring of slaying
MPRegen  0.29/turn              Q - ring "Borph" {rPois rF+ rC+ Int+4 Dex+3}

@: flying
A: permanent stasis, dig shafts and tunnels, four strong arms, antennae 3,
hooves 1, thin metallic scales 1, sense surroundings 1, weak 1, MP-powered wands
0: Orb of Zot
}: 3/15 runes: decaying, silver, abyssal
a: Dig, Shaft Self, Heroism, Finesse, Renounce Religion, Stop Flying


You escaped.
You worshipped Okawaru.
Okawaru was exalted by your worship.
You were not hungry.

You visited 9 branches of the dungeon, and saw 46 of its levels.
You visited the Abyss 1 time.
You visited 1 bazaar.
You also visited: Labyrinth and Ice Cave.

You collected 6464 gold pieces.
You spent 2234 gold pieces at shops.

Inventory:

Hand Weapons
 b - a +6 vampiric battleaxe (weapon)
 c - a +5 executioner's axe of freezing
 L - the +12 arbalest "Pyatwad" {velocity, Fragile rElec rC+}
   (You found it on level 4 of the Depths)

   Any bolt fired from it inflicts extra damage.
   It protects you from cold.
   It insulates you from electricity.
   It will be destroyed if unequipped.
Armour
 l - a +7 large shield of protection
 n - the +2 large shield of the Heron (worn) {*Drain +Fly rF+++ rN+}
   (Okawaru gifted it to you on level 2 of the Depths)

   It renders you almost immune to fire.
   It protects you from negative energy.
   It lets you fly.
   It causes draining when unequipped.
 u - +0 gold dragon scales (worn)
 A - a +2 cloak of magic resistance
 G - the +3 pair of gloves of the Vaults {rPois rC+}
   (You found it on level 11 of the Dungeon)

   It protects you from cold.
   It protects you from poison.
 H - the +2 pair of gloves of the Lair of Beasts (worn) {MR+ MP+9 Str+4}
   (Okawaru gifted it to you on level 11 of the Dungeon)

   It affects your strength (+4).
   It affects your resistance to hostile enchantments.
   It affects your magic capacity (+9).
 M - the +0 cloak "Mubu" (worn) {*Drain +Fly rElec Str+6}
   (Okawaru gifted it to you on level 15 of the Dungeon)

   It affects your strength (+6).
   It insulates you from electricity.
   It lets you fly.
   It causes draining when unequipped.
 Y - a +2 pair of boots of flying (worn)
Jewellery
 t - a +4 ring of slaying (left hand)
 w - an uncursed ring of positive energy
 J - the amulet "Murphigh" {Fragile +Rage MR+ Dex+6}
   (You took it off a yaktaur on level 3 of the Depths)

   [amulet of rage]

   It affects your dexterity (+6).
   It affects your resistance to hostile enchantments.
   It lets you go berserk.
   It will be destroyed if unequipped.
 K - an uncursed ring of resist corrosion
 Q - the ring "Borph" (right hand) {rPois rF+ rC+ Int+4 Dex+3}
   (You bought it in a shop on level 5 of the Vaults)

   [ring of protection from cold]

   It affects your intelligence (+4).
   It affects your dexterity (+3).
   It protects you from fire.
   It protects you from cold.
   It protects you from poison.
 R - a +6 amulet of reflection (around neck)
Wands
 o - a wand of iceblast (19)
 q - a wand of disintegration (18)
 r - a wand of flame (75)
 C - a wand of paralysis (56)
 F - a wand of digging (76)
 P - a wand of clouds (2)
 S - a wand of acid (25)
 T - a wand of scattershot (5)
 U - a wand of random effects (34)
Scrolls
 e - 13 scrolls of amnesia
 j - 3 scrolls of brand weapon
 m - 24 scrolls of remove curse
 s - 6 scrolls of fear
 v - 3 scrolls of magic mapping
 x - a scroll of holy word
 B - 12 scrolls of identify
 D - 8 scrolls of fog
 Z - 3 scrolls of silence
Potions
 a - 5 potions of cancellation
 d - a potion of might
 h - 11 potions of heal wounds
 i - 21 potions of curing
 k - 8 potions of agility
 p - 13 potions of brilliance
 z - 3 potions of invisibility
 E - 2 potions of ambrosia
 N - 3 potions of magic
Miscellaneous
 g - 4 sacks of spiders
 O - a lightning rod (4/4)
Comestibles
 f - 53 rations


   Skills:
 - Level 22.0 Fighting
   Level 3.1 Short Blades
 - Level 21.7(22.0) Axes
   Level 5.9(15.7) Polearms
 - Level 22.0 Armour
 + Level 19.5 Dodging
 - Level 22.0 Shields
 - Level 16.0 Invocations
 - Level 10.0 Evocations


You had 26 spell levels left.
You didn't know any spells.
Your spell library contained the following spells:

 Spells                   Type           Power        Failure   Level  Hunger
 Cause Fear               Hex            #.........   100%        4    #####..
 Magic Dart               Conj           #...         86%         1    ##.....
 Fireball                 Conj/Fire      #.........   100%        5    ######.
 Apportation              Tloc           #.....       86%         1    ##.....
 Conjure Flame            Conj/Fire      #.......     99%         3    ####...
 Bolt of Fire             Conj/Fire      #.........   100%        6    #######
 Bolt of Magma            Conj/Fire/Erth #.........   100%        5    ######.
 Slow                     Hex            #.......     94%         2    ###....
 Confuse                  Hex            #.......     99%         3    ####...
 Throw Flame              Conj/Fire      #.....       94%         2    ###....
 Throw Frost              Conj/Ice       #.....       94%         2    ###....
 Controlled Blink         Tloc           N/A          100%        8    #######
 Freezing Cloud           Conj/Ice/Air   #.........   100%        6    #######
 Mephitic Cloud           Conj/Pois/Air  #.......     99%         3    ####...
 Ring of Flames           Chrm/Fire      #.........   100%        7    #######
 Teleport Other           Tloc           #.......     99%         3    ####...
 Summon Small Mammal      Summ           #...         86%         1    ##.....
 Bolt of Draining         Conj/Necr      #.........   100%        5    ######.
 Blink                    Tloc           N/A          94%         2    ###....
 Animate Dead             Necr           N/A          100%        4    #####..
 Pain                     Necr           #...         86%         1    ##.....
 Animate Skeleton         Necr           N/A          86%         1    ##.....
 Vampiric Draining        Necr           #.........   99%         3    ####...
 Ozocubu's Refrigeration  Ice            #.........   100%        6    #######
 Sticky Flame             Conj/Fire      #.......     100%        4    #####..
 Call Imp                 Summ           #.......     94%         2    ###....
 Dispel Undead            Necr           #.......     100%        5    ######.
 Regeneration             Chrm/Necr      #.........   99%         3    ####...
 Sublimation of Blood     Necr           #.........   94%         2    ###....
 Corpse Rot               Necr           N/A          94%         2    ###....
 Iron Shot                Conj/Erth      #.........   100%        6    #######
 Stone Arrow              Conj/Erth      #.....       99%         3    ####...
 Recall                   Summ/Tloc      N/A          99%         3    ####...
 Agony                    Necr           #.......     100%        5    ######.
 Spider Form              Tmut/Pois      #.........   99%         3    ####...
 Blade Hands              Tmut           #.........   100%        5    ######.
 Statue Form              Tmut/Erth      #........    100%        6    #######
 Ice Form                 Ice/Tmut       #.......     100%        4    #####..
 Dragon Form              Tmut           #.........   100%        7    #######
 Deflect Missiles         Chrm/Air       #.........   100%        6    #######
 Throw Icicle             Conj/Ice       #.......     100%        4    #####..
 Confusing Touch          Hex            #.....       86%         1    ##.....
 Flame Tongue             Conj/Fire      #....        86%         1    ##.....
 Passwall                 Tmut/Erth      #.......     94%         2    ###....
 Ignite Poison            Fire/Tmut/Pois #.......     99%         3    ####...
 Sticks to Snakes         Tmut           #.......     94%         2    ###....
 Metabolic Englaciation   Hex/Ice        #.........   100%        5    ######.
 Silence                  Hex/Air        #.........   100%        5    ######.
 Shatter                  Erth           #.........   100%        9    #######
 Corona                   Hex            #......      86%         1    ##.....
 Lee's Rapid Deconstruct  Erth           #.........   100%        5    ######.
 Sandblast                Erth           #.....       86%         1    ##.....
 Excruciating Wounds      Chrm/Necr      #.........   100%        5    ######.
 Portal Projectile        Hex/Tloc       #.....       99%         3    ####...
 Petrify                  Tmut/Erth      #.......     100%        4    #####..
 Passage of Golubria      Tloc           N/A          100%        4    #####..
 Malign Gateway           Summ/Tloc      #.........   100%        7    #######
 Leda's Liquefaction      Hex/Erth       #.........   100%        4    #####..
 Shroud of Golubria       Chrm/Tloc      #.........   94%         2    ###....
 Inner Flame              Hex/Fire       #.......     99%         3    ####...
 Beastly Appendage        Tmut           #.....       86%         1    ##.....
 Force Lance              Conj/Tloc      #.......     100%        4    #####..
 Infusion                 Chrm           #...         86%         1    ##.....
 Song of Slaying          Chrm           #.......     94%         2    ###....
 Spectral Weapon          Hex/Chrm       #.......     99%         3    ####...
 Discord                  Hex            #.........   100%        8    #######
 Hydra Form               Tmut           #.........   100%        6    #######
 Irradiate                Conj/Tmut      #.........   100%        5    ######.
 Gell's Gravitas          Tloc           #.........   99%         3    ####...
 Yara's Violent Unravell  Hex/Tmut       #.........   100%        5    ######.
 Lesser Beckoning         Tloc           #.........   99%         3    ####...
 Ignition                 Fire           #.........   100%        8    #######
 Borgnjor's Vile Clutch   Necr/Erth      #.........   100%        5    ######.


Dungeon Overview and Level Annotations

Branches:
Dungeon (15/15)            Temple (1/1) D:6            Lair (6/6) D:9
  Swamp (4/4) Lair:4        Snake (0/4) Lair:3        Slime (0/5) Lair:5
    Orc (2/2) D:12            Elf (3/3) Orc:2        Vaults (5/5) D:13
  Crypt (0/3) Vaults:2     Depths (5/5) D:15            Zot (5/5) Depths:5

Altars:
Ashenzari
Cheibriados
Dithmenos
Elyvilon
Fedhas
Gozag
Hepliaklqana
Kikubaaqudgha
Makhleb
Nemelex Xobeh
Okawaru
Qazlal
Ru
Sif Muna
Trog
Uskayaw
Vehumet
Wu Jian
Xom
Yredelemnul
Zin
The Shining One
Beogh
Lugonu

Shops:
D:5 !   D:8 [   Orc:2 ?:[[   Vaults:2 =   Vaults:4 :*   Vaults:5 =   Depths:3 *
Depths:4 %%

Portals:
Hell: Depths:1 Depths:2 Depths:3 Depths:4 Depths:5
Abyss: Depths:3 Depths:4
Pandemonium: Depths:1 Depths:3
Ziggurat: Depths:5

Annotations:
D:4 1 runed door, Mgcat's ghost, novice HOGl
D:9 exclusion: 2 oklob plants
Lair:2 exclusion: downstairs


Innate Abilities, Weirdness & Mutations

You cannot be hasted, slowed, berserked, paralysed or teleported.
You can dig through walls and to a lower floor.
Your four strong arms can wield two-handed weapons with a shield.
You have a pair of large antennae on your head. (SInv)
You have large cloven feet.
You are partially covered in thin metallic scales. (AC +2)
You passively map a small area around you.
You are weak. (Str -2)
You expend magic power (3 MP) to strengthen your wands.


Message History

Quiver which item? (- for none, * to show all) (? for menu, Esc to quit)
Okay, then.
You feel extremely strange.
Your large bone plates disappear.
You feel more encumbered by your armour.
Nature stops experimenting on you.
You feel stupid.
You feel stronger.
Thin metallic scales grow over part of your body.
Your toenails lengthen and sharpen.
You feel extremely strange.
You feel clever.
Your talons dull and shrink into feet.
You feel weaker.
You feel clumsy. x2; You feel resistant to heat.
You feel extremely strange.
You feel agile. x2; You feel weaker.
You feel your magical essence link to your wands.
You feel extremely strange.
You no longer feel heat resistant.
Your feet thicken and deform.
You feel a strange attunement to the structure of the dungeons.
Wield which item (- for none, * to show all)? (? for menu, Esc to quit)
Okay, then.
You have escaped!

§.#...#...# , #...#...#..
..#...#...#### ####...#...#..
..#...#...##.#######.##...#...#..
..#...#...#...#...#...#...#...#..
......#...#...#.>.#...#...#......
......#...#...#...#...#...#......
##............#...#............##
{#####.....................#####.
...[.######..(..@.....######.....
####......#############..........
........................##......#
########.....##...###########.###
##..............#......# #.#
#..............÷......# #.#
#..........###........### #.#
#..........# #####......## #.#
#..........# #....#..# #.#


There were no monsters in sight!

Vanquished Creatures
  2 pandemonium lords
  4 ancient liches (Zot:5)
  A juggernaut (Depths:2)
  Sojobo (Depths:1)
  The ghost of Uzaajiss the Drop of Water, a veteran GnWz of Ru (Vaults:4)
  Saint Roka (Vaults:3)
  Bai Suzhen (Depths:1)
  A curse toe (Zot:4)
  A Killer Klown (Zot:5)
  6 golden dragons
  4 bone dragons
  8 electric golems
  Jorgrun (Elf:2)
  An Ice Fiend (IceCv)
  Rupert (Lair:3)
  14 tentacled monstrosities
  3 titans
  4 liches
  26 Orb Guardians
  10 quicksilver dragons
  2 deep elf blademasters
  3 deep elf master archers (Elf:3)
  10 death cobs
  4 sphinxes
  The ghost of kirsanium the Tortoise, an adept FoFi of Uskayaw (Swamp:4)
  An Executioner (Depths:4)
  2 thorn hunters
  A tentacled starspawn (Abyss:3)
  13 storm dragons
  9 tengu reavers
  12 shadow dragons
  Donald (Elf:2)
  A draconian monk (Zot:5)
  2 balrugs
  A nagaraja (Abyss:3)
  6 fire giants
  The ghost of Pawles22 the Peltast, a journeyman MiMo (D:15)
  17 frost giants
  4 draconian knights
  10 deep elf sorcerers
  9 draconian scorchers
  2 iron dragons (Vaults:5)
  18 vault wardens
  3 ghost moths
  Aizul (Depths:1)
  7 draconian shifters
  2 cacodemons
  7 deep elf elementalists
  5 draconian stormcallers
  A spriggan defender (Depths:4)
  15 ironheart preservers
  24 very ugly things
  3 draconian annihilators
  2 vampire knights
  3 small abominations (Vaults:5)
  A war gargoyle (Vaults:5)
  4 entropy weavers
  19 stone giants
  7 deep elf demonologists
  8 deep elf annihilators (Elf:3)
  9 green draconians
  A corrupter (Depths:2)
  10 white draconians
  16 yellow draconians
  12 black draconians
  7 purple draconians
  9 red draconians
  11 spark wasps
  A minotaur (Lab)
  15 ettins
  An eidolon (Vaults:2)
  5 deep elf death magi
  A merfolk javelineer (D:15)
  A jiangshi (Vaults:2)
  10 deep elf high priests
  18 yaktaur captains
  9 fire dragons
  A merfolk impaler (Depths:4)
  10 great orbs of eyes
  40 vault guards
  Harold (Lair:3)
  A quicksilver dragon zombie (D:15)
  15 ice dragons
  5 rakshasas
  4 ghost crabs
  4 spriggan air magi
  An anaconda (D:9)
  14 hydras
  2 naga warriors (D:15)
  A spectral fire giant (Vaults:4)
  27 dancing weapons
  9 centaur warriors
  8 alligators
  45 two-headed ogres
  A two-headed ogre (shapeshifter) (Depths:2)
  A queen ant (Lair:6)
  3 death knights (Vaults:3)
  14 ogre magi
  A spectral stone giant (Vaults:4)
  A death yak (Lair:5)
  11 deep troll shamans
  7 tengu warriors
  13 deep troll earth magi
  A titan zombie (D:15)
  4 spriggan berserkers
  A vampire mage (Depths:3)
  5 orc high priests (Orc:2)
  2 spectral storm dragons (Vaults:4)
  Urug (D:14)
  6 hell knights
  2 thrashing horrors
  Sonja (D:14)
  Nergalle (Lair:2)
  A sixfirhy (Depths:1)
  11 deep elf knights
  6 skeletal warriors
  5 iron trolls
  A wretched star (Abyss:3)
  47 deep trolls
  A death drake (shapeshifter) (Vaults:4)
  5 glowing orange brains
  5 flayed ghosts
  A wizard (Vaults:3)
  2 unseen horrors (shapeshifter)
  3 unseen horrors
  3 spectral hydras (Swamp:4)
  An obsidian statue (Vaults:3)
  10 deep elf archers
  5 phantasmal warriors
  3 swamp dragons
  A shambling mangrove (Swamp:2)
  12 ironbrand convokers
  A mana viper (Abyss:3)
  10 harpies
  A fire giant zombie (Vaults:5)
  18 orc knights
  7 necromancers
  2 orb spiders (shapeshifter)
  2 orc sorcerers
  2 frost giant zombies
  63 ugly things
  An oklob plant (D:15)
  A spectral ettin (Vaults:4)
  64 deep elf magi
  4 wolf spiders
  8 cyclopes
  A manticore (D:10)
  A tengu skeleton (Vaults:5)
  19 moths of wrath
  A faun (shapeshifter) (Depths:3)
  9 elephants (Lair:6)
  2 large abominations
  A sphinx skeleton (Vaults:3)
  3 human skeletons
  A worldbinder (Abyss:3)
  An apocalypse crab (Abyss:3)
  A black mamba (shapeshifter) (Vaults:3)
  A stone giant skeleton (Vaults:3)
  A rust devil (Depths:5)
  An ice statue (IceCv)
  35 spiny frogs
  A fire giant skeleton (Vaults:3)
  12 vault sentinels
  An eye of devastation (shapeshifter) (Vaults:1)
  2 torpor snails (Lair:5)
  3 orange demons
  6 black mambas
  A smoke demon (Depths:5)
  3 swamp worm zombies (Swamp:4)
  An efreet (D:14)
  2 gargoyles
  10 komodo dragons
  A rime drake (Lair:6)
  14 freezing wraiths
  A kobold demonologist (D:15)
  57 yaktaurs
  A yaktaur zombie (Vaults:3)
  8 anaconda simulacra (IceCv)
  A hellwing (Depths:1)
  A yaktaur (shapeshifter) (Vaults:3)
  11 tengu conjurers
  2 red devils
  3 ancient zymes (Abyss:3)
  2 meliai (shapeshifter)
  4 jumping spiders
  6 ice devils (IceCv)
  A shadow dragon simulacrum (Vaults:4)
  A golden dragon simulacrum (IceCv)
  6 trolls
  14 tyrant leeches
  Grinder (D:4)
  2 hydra zombies (Swamp:4)
  14 hornets
  2 blink frogs (shapeshifter)
  3 alligator zombies (Swamp:4)
  8 bog bodies
  24 slime creatures
  A raiju (shapeshifter) (Vaults:1)
  A deep troll zombie (D:15)
  12 hippogriffs
  18 blink frogs
  An ettin zombie (Vaults:2)
  2 stone giant simulacra
  A hippogriff (shapeshifter) (Vaults:2)
  A spectral tyrant leech (Swamp:4)
  5 dream sheep (Lair:6)
  3 spectral swamp dragons (Swamp:4)
  Sigmund (D:5)
  A dire elephant simulacrum (IceCv)
  4 wyverns
  A spriggan (shapeshifter) (Vaults:3)
  3 shadows
  6 air elementals
  2 redbacks (Vaults:4)
  8 spriggans
  5 starcursed masses (Abyss:3)
  15 water elementals
  A wyvern (shapeshifter) (Vaults:4)
  4 fire elementals
  5 wraiths
  A ynoxinul (Depths:1)
  3 basilisks
  4 wargs
  A neqoxec (Depths:1)
  47 yaks
  28 vampire mosquitoes
  4 chaos spawn
  3 human simulacra
  Menkaure (D:7)
  A harpy simulacrum (IceCv)
  14 swamp worms
  2 iron troll simulacra (IceCv)
  A spectral spiny frog (Swamp:4)
  13 insubstantial wisps (Swamp:4)
  18 soldier ants
  2 floating eyes
  5 hell hounds
  4 hydra simulacra (IceCv)
  20 water moccasins
  10 porcupines
  5 swamp drakes
  32 orc warriors
  6 ice beasts
  An ettin simulacrum (IceCv)
  2 eyes of draining
  An ogre (shapeshifter) (Vaults:4)
  8 phantoms
  A black bear (D:9)
  A black bear (shapeshifter) (Depths:3)
  3 alligator simulacra
  4 sky beasts
  14 boggarts
  2 necrophages
  42 ogres
  5 swamp dragon zombies (Swamp:4)
  25 centaurs
  13 crocodiles
  A tyrant leech simulacrum (Swamp:4)
  3 big kobolds
  A wyvern zombie (D:11)
  34 bullfrogs
  An earth elemental (Elf:2)
  2 deep troll simulacra
  A glowing shapeshifter simulacrum (Vaults:4)
  4 scorpions
  9 killer bees
  2 howler monkeys
  12 wights
  4 electric eels
  4 crimson imps
  2 bullfrog zombies
  2 draconian simulacra (IceCv)
  3 hounds
  3 centaur zombies
  13 jellies
  17 orc wizards
  3 centaur skeletons
  32 orc priests
  4 bullfrog skeletons
  5 iguanas
  3 troll simulacra (IceCv)
  27 worker ants
  8 hell rats
  A lightning spire (Zot:3)
  3 spectral swamp drakes (Swamp:4)
  2 wolf simulacra (IceCv)
  A spriggan simulacrum (IceCv)
  A killer bee zombie (D:5)
  A centaur simulacrum (IceCv)
  A hound zombie (D:9)
  2 worker ant zombies
  17 adders
  2 ogre simulacra (IceCv)
  2 swamp drake zombies (Swamp:4)
  2 naga simulacra (IceCv)
  8 river rats (Lair:1)
  4 shadow imps
  5 white imps (IceCv)
  10 ufetubi (IceCv)
  4 oozes
  2 adder zombies
  2 adder skeletons (D:4)
  2 worms
  3 dart slugs
  3 leopard geckos
  97 orcs
  5 giant cockroaches
  13 goblins
  12 hobgoblins
  9 jackals
  5 quokkas
  3 ball pythons
  A ball python skeleton (D:6)
  7 bats
  4 frilled lizards
  22 kobolds
  A leopard gecko skeleton (D:4)
  A quokka skeleton (D:7)
  2 quokka zombies
  9 rats
  2 crawling corpses (Vaults:5)
  7 fungi
  A lurking horror (Abyss:3)
  9 plants
  A starspawn tentacle (Abyss:3)
2285 creatures vanquished.

Vanquished Creatures (others)
  A Killer Klown (Zot:5)
  5 stone giants
  An ironheart preserver (Vaults:5)
  A merfolk javelineer (Depths:1)
  2 yaktaur captains
  A spectral frost giant (Vaults:4)
  A centaur warrior (Depths:2)
  A satyr (Abyss:3)
  A deep elf archer (Vaults:1)
  2 cyclopes (Vaults:1)
  3 moths of wrath (Zot:5)
  6 yaktaurs
  5 dream sheep (D:5)
  A boggart (Vaults:1)
  2 centaurs (Depths:3)
  An orc (Vaults:2)
  48 fungi
  71 plants
  3 starspawn tentacles (Abyss:3)
156 creatures vanquished.

Grand Total: 2441 creatures vanquished

Notes
Turn   | Place    | Note
-------+----------+-------------------------------------------
     0 | D:1      | Salmacis the Formicid Fighter began the quest for the Orb.
     0 | D:1      | Reached XP level 1. HP: 18/18 MP: 1/1
   237 | D:1      | Reached XP level 2. HP: 23/24 MP: 2/2
   699 | D:1      | Reached XP level 3. HP: 29/29 MP: 3/3
   956 | D:2      | Reached XP level 4. HP: 34/37 MP: 4/4
  1421 | D:3      | Reached skill level 1 in Short Blades
  1421 | D:3      | Reached XP level 5. HP: 39/43 MP: 5/5
  1636 | D:3      | Found a sacrificial altar of Ru.
  1945 | D:3      | Found a shimmering altar of Xom.
  2149 | D:4      | Found a runed door.
  2155 | D:4      | Noticed Mgcat's ghost (novice HOGl)
  2174 | D:4      | Reached XP level 6. HP: 44/49 MP: 6/6
  2327 | D:4      | Noticed Grinder
  2691 | D:4      | Killed Grinder
  2691 | D:4      | Reached XP level 7. HP: 29/59 MP: 7/7
  3349 | D:5      | Entered Level 5 of the Dungeon
  3395 | D:5      | Found Tabreniyg's Distillery.
  3403 | D:5      | Bought a potion of agility for 56 gold pieces
  3403 | D:5      | Bought a potion of curing for 42 gold pieces
  3403 | D:5      | Bought a potion of heal wounds for 70 gold pieces
  3519 | D:5      | Reached skill level 5 in Axes
  3519 | D:5      | Reached XP level 8. HP: 34/65 MP: 8/8
  3703 | D:5      | Found an opulent altar of Gozag.
  3715 | D:5      | Noticed Sigmund
  3754 | D:5      | Killed Sigmund
  4195 | D:5      | Noticed a dream sheep
  4195 | D:5      | Noticed a dream sheep
  4195 | D:5      | Noticed a dream sheep
  4195 | D:5      | Noticed a dream sheep
  4195 | D:5      | Noticed a dream sheep
  4195 | D:5      | Found a shimmering altar of Xom.
  4199 | D:5      | Killed a dream sheep
  4199 | D:5      | Killed a dream sheep
  4199 | D:5      | Killed a dream sheep
  4199 | D:5      | Killed a dream sheep
  4201 | D:5      | Killed a dream sheep
  4593 | D:5      | Reached XP level 9. HP: 51/71 MP: 9/9
  5341 | D:6      | Reached skill level 10 in Axes
  5510 | D:6      | Found a radiant altar of Vehumet.
  5691 | D:6      | Found a sparkling altar of Nemelex Xobeh.
  5695 | D:6      | Found a snail-covered altar of Cheibriados.
  5876 | D:6      | Found a staircase to the Ecumenical Temple.
  5888 | Temple   | Entered the Ecumenical Temple
  5979 | Temple   | Became a worshipper of Warmaster Okawaru
  6544 | D:6      | Reached skill level 1 in Invocations
  6737 | D:7      | Noticed Menkaure
  6990 | D:7      | Reached skill level 1 in Dodging
  6990 | D:7      | Reached XP level 10. HP: 47/77 MP: 9/11
  7264 | D:7      | Found an ornate altar of the Wu Jian Council.
  7641 | D:7      | Killed Menkaure
  8000 | D:7      | Reached skill level 5 in Shields
  8091 | D:8      | Reached * piety under Okawaru
  8379 | D:8      | Noticed Psyche
  8382 | D:8      | Noticed Psyche
  8382 | D:8      | Psyche changed into Psyche the blink frog
  8390 | D:8      | Reached skill level 5 in Armour
  8395 | D:8      | Killed Psyche the blink frog
  8771 | D:8      | Found a shadowy altar of Dithmenos.
  8934 | D:8      | Found Bekemoaq's Armour Shoppe.
  8942 | D:8      | Bought a +0 cloak of magic resistance for 149 gold pieces
  8942 | D:8      | Bought a +0 pair of boots for 58 gold pieces
  9151 | D:8      | Found a stormy altar of Qazlal.
  9217 | D:9      | Got an encrusted halberd
  9218 | D:9      | Identified the +6 halberd "Bonuet" {speed, -Tele rF- MR++ Int+3} (You found it on level 9 of the Dungeon)
  9320 | D:9      | Found a blossoming altar of Fedhas.
  9322 | D:9      | Noticed an oklob plant
  9322 | D:9      | Noticed an oklob plant
  9455 | D:9      | Noticed a two-headed ogre
  9467 | D:9      | Killed a two-headed ogre
  9467 | D:9      | Reached ** piety under Okawaru
  9555 | D:9      | Reached skill level 5 in Invocations
  9555 | D:9      | Reached XP level 11. HP: 36/86 MP: 14/14
  9607 | D:9      | Noticed a two-headed ogre
  9994 | D:9      | Noticed an anaconda
  9994 | D:9      | a two-headed ogre changed into an anaconda
 10011 | D:9      | Killed an anaconda
 10011 | D:9      | Reached *** piety under Okawaru
 10075 | D:9      | Noticed a two-headed ogre
 10083 | D:9      | Found a blossoming altar of Fedhas.
 10111 | D:9      | Killed a two-headed ogre
 10111 | D:9      | Reached skill level 5 in Polearms
 10283 | D:9      | Found a staircase to the Lair.
 10689 | Lair:1   | Entered Level 1 of the Lair of Beasts
 10941 | D:10     | Entered Level 10 of the Dungeon
 10947 | D:10     | Reached **** piety under Okawaru
 11354 | D:10     | Reached ***** piety under Okawaru
 11702 | D:10     | Reached skill level 10 in Fighting
 11702 | D:10     | Reached XP level 12. HP: 96/98 MP: 15/15
 11703 | D:10     | Reached skill level 10 in Invocations
 11703 | D:10     | Reached XP level 13. HP: 103/104 MP: 21/21
 11911 | D:10     | Reached XP level 14. HP: 74/111 MP: 22/22
 12450 | D:11     | Received a gift from Okawaru
 12451 | D:11     | Got a pair of smoking gloves {god gift}
 12457 | D:11     | Identified the +2 pair of gloves of the Lair of Beasts {MR+ MP+9 Str+4} (Okawaru gifted it to you on level 11 of the Dungeon)
 12964 | D:11     | Got a pair of ancient gloves
 12975 | D:11     | Identified the +3 pair of gloves of the Vaults {rPois rC+} (You found it on level 11 of the Dungeon)
 14429 | Lair:2   | Noticed Nergalle
 14442 | Lair:2   | Killed Nergalle
 15114 | Lair:3   | Reached skill level 1 in Evocations
 15407 | Lair:3   | Noticed Harold
 15758 | Lair:3   | Found a staircase to the Snake Pit.
 16199 | Lair:3   | Killed Harold
 16631 | Lair:3   | Noticed Rupert
 16644 | Lair:3   | Killed Rupert
 16785 | Lair:4   | Received a gift from Okawaru
 17125 | Lair:4   | Found a staircase to the Swamp.
 17270 | Lair:4   | Got a smoking scale mail
 17271 | Lair:4   | Identified the +7 scale mail of Wuosusso {*Slow +Inv MP+9 Stlth+} (You found it on level 4 of the Lair of Beasts)
 17284 | Lair:4   | Gained mutation: You are surrounded by a mild repulsion field. (EV +2) [potion of mutation]
 17284 | Lair:4   | Gained mutation: You have an increased reservoir of magic. (+10% MP) [potion of mutation]
 17382 | Lair:4   | Reached XP level 15. HP: 101/120 MP: 25/25
 17721 | Lair:5   | Found a staircase to the Slime Pits.
 18044 | Lair:5   | Reached skill level 15 in Axes
 18071 | Lair:5   | Received a gift from Okawaru
 18071 | Lair:5   | Reached skill level 5 in Evocations
 18544 | Lair:6   | Entered Level 6 of the Lair of Beasts
 19367 | Lair:6   | Reached XP level 16. HP: 116/127 MP: 18/27
 19429 | Lair:6   | Found a glowing silver altar of Zin.
 19492 | Lair:6   | Reached ****** piety under Okawaru
 19495 | Lair:6   | Received a gift from Okawaru
 19533 | Lair:6   | Got a coiled silver ring
 19682 | Lair:6   | Identified the ring "Doadiul" {+Fly Int+3 SInv} (You found it on level 6 of the Lair of Beasts)
 20020 | Lair:6   | Got a bloodstained hand axe
 20021 | Lair:6   | Identified the +8 hand axe of Esae {venom, *Drain rPois Str+8 Dex-5} (You found it on level 6 of the Lair of Beasts)
 20029 | Lair:6   | Reached skill level 10 in Armour
 20556 | D:12     | Found a staircase to the Orcish Mines.
 20663 | D:12     | Received a gift from Okawaru
 21091 | D:13     | Found a labyrinth entrance.
 21131 | Lab      | Entered a labyrinth
 21547 | D:13     | Got a pair of ichor-stained gloves
 21558 | D:13     | Identified the +0 pair of gloves of Fashionability {+Inv rElec Slay-5} (You found it on level 13 of the Dungeon)
 21894 | D:13     | Received a gift from Okawaru
 22018 | D:13     | Found a gate to the Vaults.
 22216 | D:14     | Reached skill level 10 in Evocations
 22239 | D:14     | Noticed Urug
 22246 | D:14     | Noticed Sonja
 22256 | D:14     | Killed Sonja
 22350 | D:14     | Killed Urug
 22725 | D:15     | Entered Level 15 of the Dungeon
 22732 | D:15     | Reached XP level 17. HP: 133/133 MP: 28/28
 22776 | D:15     | Found a staircase to the Depths.
 23093 | D:15     | Found a runed gate.
 23093 | D:15     | Found a runed gate.
 23093 | D:15     | Found a runed gate.
 23289 | D:15     | Found a shattered altar of Ashenzari.
 23535 | D:15     | Received a gift from Okawaru
 23540 | D:15     | Got an ichor-stained cloak {god gift}
 23551 | D:15     | Identified the +0 cloak "Mubu" {*Drain +Fly rElec Str+6} (Okawaru gifted it to you on level 15 of the Dungeon)
 23632 | D:15     | Noticed Pawles22's ghost (journeyman MiMo)
 23641 | D:15     | Found an iron altar of Okawaru.
 23799 | D:15     | Killed Pawles22's ghost
 24412 | Orc:1    | Entered Level 1 of the Orcish Mines
 24522 | Orc:2    | Entered Level 2 of the Orcish Mines
 24522 | Orc:2    | Found a roughly hewn altar of Beogh.
 24838 | Orc:2    | Found a staircase to the Elven Halls.
 25242 | Orc:2    | Found Bugrai's Armour Boutique.
 25245 | Orc:2    | Found Fuapicy's Book Shop.
 25246 | Orc:2    | Found Soelaj's Antique Armour Boutique.
 25247 | Orc:2    | Found Ysaareigh's Magic Scroll Boutique.
 25254 | Orc:2    | Bought a +2 plate armour of fire resistance for 520 gold pieces
 25429 | Elf:1    | Entered Level 1 of the Elven Halls
 26189 | Elf:1    | Found a radiant altar of Vehumet.
 26225 | Elf:1    | Received a gift from Okawaru
 26325 | Elf:1    | Received a gift from Okawaru
 26325 | Elf:1    | Reached XP level 18. HP: 124/142 MP: 24/29
 26332 | Elf:1    | Got a smoking chain mail {god gift}
 26333 | Elf:1    | Identified the +5 chain mail "Joobe" {Dex+2} (Okawaru gifted it to you on level 1 of the Elven Halls)
 26955 | Elf:2    | Noticed Donald
 26968 | Elf:2    | Killed Donald
 27221 | Elf:2    | Found a runed gate.
 27221 | Elf:2    | Found a runed gate.
 27221 | Elf:2    | Found a runed gate.
 27292 | Elf:2    | Noticed Jorgrun
 27309 | Elf:2    | Killed Jorgrun
 27398 | Elf:2    | Reached skill level 15 in Fighting
 27635 | Elf:2    | Noticed a deep elf blademaster
 27660 | Elf:2    | Killed a deep elf blademaster
 28091 | Elf:3    | Entered Level 3 of the Elven Halls
 28277 | Elf:3    | Received a gift from Okawaru
 29050 | Elf:3    | Reached XP level 19. HP: 159/159 MP: 22/30
 29094 | Elf:3    | Noticed a deep elf blademaster
 29122 | Elf:3    | Killed a deep elf blademaster
 29248 | Elf:3    | Got a smoking brass amulet
 29273 | Elf:3    | Identified the amulet of Tiraotzo {MR- Regen+ Dex+9 SInv Stlth-} (You took it off a deep elf annihilator on level 3 of the Elven Halls)
 29375 | Elf:3    | Noticed a Brimstone Fiend
 29384 | Elf:3    | Noticed a Hell Sentinel
 29450 | Elf:3    | Cast into level 3 of the Abyss (a deep elf sorcerer)
 29474 | Abyss:3  | Found a burning altar of Makhleb.
 29490 | Abyss:3  | Received a gift from Okawaru
 29806 | Abyss:3  | Reached skill level 10 in Shields
 29813 | Abyss:3  | Got an abyssal rune of Zot
 29984 | Abyss:3  | Noticed a bone dragon
 29996 | Abyss:3  | Killed a bone dragon
 29998 | Elf:3    | Escaped the Abyss
 30133 | Elf:3    | Received a gift from Okawaru
 30285 | Elf:3    | Found the +4 dagger "Morg" {pain, MR+ Int+5}
 30290 | Elf:3    | Identified the Compendium of the Rocks
 30385 | Elf:3    | Identified the +6 scale mail of Xoco {+Inv} (You found it on level 3 of the Elven Halls)
 30395 | Elf:3    | Identified the +4 chain mail "Surhuteg" {rElec} (You found it on level 3 of the Elven Halls)
 31272 | Swamp:1  | Entered Level 1 of the Swamp
 31368 | Swamp:1  | Found a frozen archway.
 31394 | IceCv    | Entered an ice cave
 31411 | IceCv    | Reached XP level 20. HP: 170/170 MP: 31/31
 31804 | IceCv    | Identified the Catalogue of Heat and the Voyage
 32026 | IceCv    | Noticed an Ice Fiend
 32046 | IceCv    | Killed an Ice Fiend
 32480 | Swamp:1  | Identified a scroll of acquirement
 34912 | Swamp:3  | Received a gift from Okawaru
 35061 | Swamp:4  | Entered Level 4 of the Swamp
 35426 | Swamp:4  | Found a runed gate.
 35426 | Swamp:4  | Found a runed gate.
 35426 | Swamp:4  | Found a runed gate.
 35427 | Swamp:4  | Noticed kirsanium's ghost (adept FoFi)
 35428 | Swamp:4  | Found the +8 autumn katana {slice, Clar}
 35442 | Swamp:4  | Killed kirsanium's ghost
 35766 | Swamp:4  | Noticed a bone dragon
 35778 | Swamp:4  | Killed a bone dragon
 35954 | Swamp:4  | Got a decaying rune of Zot
 36291 | Vaults:1 | Entered Level 1 of the Vaults
 36302 | Vaults:1 | Found a gateway to a bazaar.
 36321 | Bazaar   | Entered a bazaar
 36354 | Bazaar   | Found Galuuzxe's Magic Scroll Emporium.
 36362 | Bazaar   | Bought a scroll of fog for 36 gold pieces
 36362 | Bazaar   | Bought a scroll of identify for 36 gold pieces
 36410 | Bazaar   | Found Cesudi's Book Boutique.
 36445 | Bazaar   | Found Moocatul's Jewellery Emporium.
 36499 | Bazaar   | Found Pust's Gadget Emporium.
 36813 | Vaults:1 | Reached XP level 21. HP: 160/174 MP: 33/33
 37094 | Vaults:1 | Received a gift from Okawaru
 38040 | Vaults:2 | Found Yduhex's Jewellery Emporium.
 38653 | Vaults:2 | Reached skill level 15 in Armour
 38715 | Vaults:2 | Found a staircase to the Crypt.
 38760 | Vaults:2 | Received a gift from Okawaru
 39260 | Vaults:3 | Noticed Saint Roka
 39279 | Vaults:3 | Killed Saint Roka
 39321 | Vaults:3 | Reached XP level 22. HP: 178/181 MP: 12/34
 39493 | Vaults:3 | Gained mutation: You are frail. (-10% HP) [a neqoxec]
 39673 | Vaults:3 | Received a gift from Okawaru
 40572 | Vaults:4 | Reached skill level 15 in Shields
 40916 | Vaults:4 | Received a gift from Okawaru
 40990 | Vaults:4 | Reached XP level 23. HP: 168/168 MP: 35/35
 41215 | Vaults:4 | Found Noddu's General Store.
 41223 | Vaults:4 | Bought a scroll of enchant weapon for 105 gold pieces
 41223 | Vaults:4 | Bought a potion of agility for 56 gold pieces
 41409 | Vaults:4 | Found Pohoykue's Book Boutique.
 41509 | Vaults:4 | Found a runed gate.
 41509 | Vaults:4 | Found a runed gate.
 41509 | Vaults:4 | Found a runed gate.
 41509 | Vaults:4 | Noticed Uzaajiss's ghost (veteran GnWz)
 41580 | Vaults:4 | Killed Uzaajiss's ghost
 42082 | Vaults:5 | Entered Level 5 of the Vaults
 42093 | Vaults:5 | Received a gift from Okawaru
 42107 | Vaults:5 | Received a gift from Okawaru
 42108 | Vaults:5 | Reached skill level 5 in Dodging
 42190 | Vaults:5 | Received a gift from Okawaru
 42202 | Vaults:5 | Reached XP level 24. HP: 176/176 MP: 18/35
 42475 | Vaults:5 | Received a gift from Okawaru
 42483 | Vaults:5 | Got a scintillating bone ring
 42484 | Vaults:5 | Identified the ring "Benleg" {*Drain MP+9 Str+10 Int+2} (You took it off an ironheart preserver on level 5 of the Vaults)
 42595 | Vaults:5 | Got a pair of slimy gloves
 42706 | Vaults:5 | Identified the cursed +0 pair of gloves "Ekonergh" {Str+4 Stlth+} (You found it on level 5 of the Vaults)
 42925 | Vaults:5 | Identified the Papyrus of Dislocation
 42974 | Vaults:5 | Reached skill level 10 in Dodging
 43112 | Vaults:5 | Identified the Guide on Changing
 43118 | Vaults:5 | Found Sicex's Jewellery Boutique.
 43123 | Vaults:5 | Bought the ring "Borph" {rPois rF+ rC+ Int+4 Dex+3} for 1042 gold pieces
 43338 | Vaults:5 | Got a silver rune of Zot
 43968 | Depths:1 | Entered Level 1 of the Depths
 43992 | Depths:1 | Noticed Aizul
 44003 | Depths:1 | Killed Aizul
 44015 | Depths:1 | Noticed Bai Suzhen
 44020 | Depths:1 | Reached XP level 25. HP: 186/186 MP: 35/35
 44033 | Depths:1 | Killed Bai Suzhen
 44189 | Depths:1 | Found a gateway to Hell.
 44199 | Depths:1 | Noticed Sojobo
 44206 | Depths:1 | Received a gift from Okawaru
 44222 | Depths:1 | Killed Sojobo
 44303 | Depths:1 | Found a one-way gate leading to the halls of Pandemonium.
 44922 | Depths:2 | Identified the Almanac of Unholy Arts and the Snowflakes
 45004 | Depths:2 | Received a gift from Okawaru
 45227 | Depths:2 | Noticed a juggernaut
 45240 | Depths:2 | Killed a juggernaut
 45599 | Depths:2 | Received a gift from Okawaru
 45605 | Depths:2 | Identified the +2 large shield of the Heron {*Drain +Fly rF+++ rN+} (Okawaru gifted it to you on level 2 of the Depths)
 45963 | Depths:3 | Found Uruw's Assorted Antiques.
 45971 | Depths:3 | Bought a scroll of identify for 64 gold pieces
 46172 | Depths:3 | Found a one-way gate to the infinite horrors of the Abyss.
 46283 | Depths:3 | Reached XP level 26. HP: 196/196 MP: 35/35
 46452 | Depths:3 | Got a steaming ruby amulet
 46461 | Depths:3 | Identified the amulet "Murphigh" {Fragile +Rage MR+ Dex+6} (You took it off a yaktaur on level 3 of the Depths)
 47674 | Depths:4 | Received a gift from Okawaru
 47688 | Depths:4 | Got an ancient plate armour {god gift}
 47699 | Depths:4 | Identified the +1 plate armour of the Tundras {*Corrode rPois Str+3 Stlth+} (Okawaru gifted it to you on level 4 of the Depths)
 47738 | Depths:4 | Found Niredd's Food Shoppe.
 47743 | Depths:4 | Found Hooddaos's Food Shoppe.
 47896 | Depths:4 | Identified the +12 arbalest "Pyatwad" {velocity, Fragile rElec rC+} (You found it on level 4 of the Depths)
 47963 | Depths:4 | Found a corrupted altar of Lugonu.
 48336 | Depths:5 | Entered Level 5 of the Depths
 48357 | Depths:5 | Reached XP level 27. HP: 204/204 MP: 35/35
 48888 | Depths:5 | Found a gate to the Realm of Zot.
 48972 | Depths:5 | Found a gateway to a ziggurat.
 48977 | Depths:5 | Received a gift from Okawaru
 49329 | Zot:1    | Entered Level 1 of the Realm of Zot
 49515 | Zot:1    | Received a gift from Okawaru
 51116 | Zot:3    | Received a gift from Okawaru
 51388 | Zot:3    | Reached skill level 15 in Dodging
 52304 | Zot:4    | Received a gift from Okawaru
 52379 | Zot:4    | Found the +2 shield of Resistance {rF+ rC+ MR+}
 52830 | Zot:5    | Entered Level 5 of the Realm of Zot
 53142 | Zot:5    | Noticed an ancient lich
 53159 | Zot:5    | Killed an ancient lich
 53168 | Zot:5    | Noticed an ancient lich
 53177 | Zot:5    | Killed an ancient lich
 53266 | Zot:5    | Received a gift from Okawaru
 53404 | Zot:5    | Noticed an ancient lich
 53413 | Zot:5    | Killed an ancient lich
 53440 | Zot:5    | Noticed an ancient lich
 53449 | Zot:5    | Killed an ancient lich
 53539 | Zot:5    | Reached skill level 15 in Invocations
 53704 | Zot:5    | Received a gift from Okawaru
 53711 | Zot:5    | Identified the +5 shadow dragon scales of Magic {MR+ Int+3 SInv Stlth++++} (Okawaru gifted it to you on level 5 of the Realm of Zot)
 53801 | Zot:5    | Got the Orb of Zot
 54095 | Depths:2 | Noticed Buigg the pandemonium lord
 54108 | Depths:2 | Killed Buigg the pandemonium lord
 54183 | Depths:1 | Noticed Viebipo the pandemonium lord
 54194 | Depths:1 | Killed Viebipo the pandemonium lord
 54498 | D:1      | Lost mutation: You are surrounded by a mild repulsion field. (EV +2) [potion of mutation]
 54498 | D:1      | Lost mutation: You are frail. (-10% HP) [potion of mutation]
 54498 | D:1      | Lost mutation: You have an increased reservoir of magic. (+10% MP) [potion of mutation]
 54498 | D:1      | Gained mutation: Your movements are slightly less encumbered by armour. (ER -2) [potion of mutation]
 54498 | D:1      | Gained mutation: You are partially covered in large bone plates. (SH +4) [potion of mutation]
 54498 | D:1      | Gained mutation: You evolve. [potion of mutation]
 54499 | D:1      | Lost mutation: You are partially covered in large bone plates. (SH +4) [potion of mutation]
 54499 | D:1      | Lost mutation: Your movements are slightly less encumbered by armour. (ER -2) [potion of mutation]
 54499 | D:1      | Lost mutation: You evolve. [potion of mutation]
 54499 | D:1      | Gained mutation: You are dopey. (Int -2) [potion of mutation]
 54499 | D:1      | Gained mutation: Your muscles are strong. (Str +2) [potion of mutation]
 54499 | D:1      | Gained mutation: You are partially covered in thin metallic scales. (AC +2) [potion of mutation]
 54499 | D:1      | Gained mutation: You have sharp toenails. [potion of mutation]
 54500 | D:1      | Lost mutation: You are dopey. (Int -2) [potion of mutation]
 54500 | D:1      | Lost mutation: You have sharp toenails. [potion of mutation]
 54500 | D:1      | Lost mutation: Your muscles are strong. (Str +2) [potion of mutation]
 54500 | D:1      | Gained mutation: You are clumsy. (Dex -2) [potion of mutation]
 54500 | D:1      | Gained mutation: You are very clumsy. (Dex -4) [potion of mutation]
 54500 | D:1      | Gained mutation: Your flesh is heat resistant. (rF+) [potion of mutation]
 54501 | D:1      | Lost mutation: You are very clumsy. (Dex -4) [potion of mutation]
 54501 | D:1      | Lost mutation: You are clumsy. (Dex -2) [potion of mutation]
 54501 | D:1      | Gained mutation: You are weak. (Str -2) [potion of mutation]
 54501 | D:1      | Gained mutation: You expend magic power (3 MP) to strengthen your wands. [potion of mutation]
 54502 | D:1      | Lost mutation: Your flesh is heat resistant. (rF+) [potion of mutation]
 54502 | D:1      | Gained mutation: You have large cloven feet. [potion of mutation]
 54502 | D:1      | Gained mutation: You passively map a small area around you. [potion of mutation]
 54504 | D:$      | Escaped with the Orb!

Vault maps used:
D:1:      dpeg_arrival_water_fire
D:2:      serial_bayou_lake_a
D:3:      lemuel_coloured_pillars_altar, nicolae_ru_sacrificial_ziggurat
D:4:      minmay_diamond_boxcup, ebering_ghost_sewer_d, uniq_grinder
D:5:      grunt_gozag_statues, serial_shops, shop, first_ration,
          kb_xom_exploding_sheep, uniq_sigmund
D:6:      vehumet_altar_wand_db, nicolae_overflow_hidden_temple,
          minmay_temple_entry_fiery, minivault_11
D:7:      kennysheep_mini_moat, uniq_menkaure
D:8:      grunt_qazlal_sundering, serial_shops, shop,
          nicolae_dithmenos_the_darkroom, uniq_psyche
D:9:      fedhas_altar_3, due_lair_maze_entry_diamond, hangedman_tree_tricks,
          the_bakery
D:10:     hex_large
D:12:     erik_orc_3, kennysheep_decorative_pillar
D:13:     grunt_vaults_entry_fortified, lab_entry_generic
D:14:     hangedman_decor_diamond_cutter, uniq_sonja, uniq_urug
D:15:     gammafunk_depths_entry_grave, gammafunk_ghost_fury_of_okawaru,
          serial_bayou_lagoon_a, lemuel_oklob_altar
Temple:   eino_narrow_crystal_temple
Lair:1:   kennysheep_rathole, grunt_megastairs_4
Lair:2:   grunt_megastairs_2, serial_bayou_shore_b, uniq_nergalle
Lair:3:   minmay_snake_entry_six_corridors, uniq_rupert, uniq_harold
Lair:4:   swamp_mist_pool, serial_bayou, serial_bayou_shore_b,
          serial_bayou_crossing, serial_bayou_pond_e, serial_bayou_ford_a,
          st_stairs_13
Lair:5:   minmay_slime_entry_jelly_boxes, serial_bayou_shore_b,
          grunt_megastairs_1
Lair:6:   minmay_lair_end_frog_pond, basic_altar, zaba_antful_of_joy,
          serial_bayou_shore_b, serial_bayou_shore_b
Swamp:1:  portal_ice_cave_entry_dragon, evilmike_swamp_ruin_house_6,
          infiniplex_staircase_pool
Swamp:2:  serial_swamp_ruin, evilmike_swamp_ruin_rubble_2,
          evilmike_swamp_ruin_wall, evilmike_swamp_ruin_house_3, swamp_pool2
Swamp:3:  nicolae_swamp_round_clearing, swamp_pool2
Swamp:4:  swamp_pestilence, gammafunk_ghost_necromancy
Orc:1:    basic_altar
Orc:2:    st_orc_pillars, basic_altar
Elf:1:    eino_elf_arrival_altar, minivault_28, st_stairs_1, hex_tiny,
          chequers_big_river, grunt_ministairs_4
Elf:2:    stair_cage_open, uniq_jorgrun, uniq_donald
Elf:3:    minmay_elf_hall_four_x
Vaults:1: vaults_dpeg_doors, ontoclasm_vaults_bender, vaults_room_door_hall,
          nicolae_vaults_holding_cells, ontoclasm_vaults_loading_screen,
          nicolae_vaults_little_squares_6, serial_shops, freezing_bzr
Vaults:2: ontoclasm_vaults_hangar, nicolae_vaults_what_the_h,
          minmay_crypt_entry_simple_sparse, ontoclasm_vaults_decontamination,
          vaults_mumra_minichess, nicolae_vaults_yaktaur_gun_rack,
          vaults_standard_mumra_enter_the_diamond, nicolae_vaults_asterisk,
          grunt_vaults_hallway_short, grunt_vaults_hallway_long, serial_shops,
          shop
Vaults:3: vaults_room_semicircle, v_misc_3, v_misc_22,
          nicolae_vaults_statue_guard, grunt_vaults_hallway_short,
          nicolae_vaults_angled_halls, nicolae_vaults_windows_and_doors_thing,
          v_misc_30, dpeg_vaults_monster_box, nicolae_vaults_little_squares_5,
          vaults_room_stairs_pillars, v_alt_pattern_5, ontoclasm_vaults_gateway,
          vaults_room_fours, uniq_saint_roka
Vaults:4: gammafunk_vaults_ghost_necromancy, v_misc_5, nicolae_vaults_big_ls,
          grunt_vaults_diagonal, nicolae_vaults_theta,
          vaults_mumra_chevron_long, v_rooms_5, v_misc_26, st_cross,
          serial_shops, shop, shop
Depths:1: hell_entry, rand_demon_pan_entry_8, serial_sigils_hangedman_confine,
          minmay_crystal_room, kennysheep_another_room, water_boxes_lemuel,
          uniq_aizul, uniq_bai_suzhen, uniq_sojobo
Depths:2: kennysheep_room_grid, abandoned_shop, hell_entry,
          minmay_staircase_windowed_small
Depths:3: grunt_deathspiral_small, serial_shops, nicolae_shop_statue_plus,
          hell_entry, pan_entry, abyss_entry, basic_stair_grate_trap,
          minmay_staircase_windowed_large, serial_bayou_shore_b
Depths:4: evilmike_cross, abyss_entry_flame_altar, pf_hell_entry_great_geh,
          roderic_lattice_a, minmay_shop_star, infiniplex_staircase_zigzag_4
Depths:5: grunt_x_marks_the_spot, enter_ziggurat_a, minmay_misc_feat_pillars,
          hellmouth_1, serial_column_ruins, column_ruins_open_large,
          column_ruins_grid_3, column_ruins_open_medium,
          column_ruins_columns_straight, column_ruins_corridor_straight,
          column_ruins_columns_straight, column_ruins_corridor_straight
Zot:1:    grunt_megastairs_3
Zot:2:    basic_stair_grate_trap
Zot:3:    amethyst_zot_foddershock
Abyss:3:  evilmike_abyss_exit_13, nicolae_abyss_rune_left_handed
Bazaar:   bazaar_minmay_generic_d
IceCv:    ice_cave_caverns_01

Skill      XL: |  1  2  3  4  5  6  7  8  9 10 11 12 13 14 15 16 17 18 19 20 21 22 23 24 25 26 27 |
---------------+----------------------------------------------------------------------------------+-----
Shields        | 4 6 7 9 11 13 14 15 17 20 22 | 22.0
Axes           | 3 5 8 10 12 14 16 17 19 20 21 | 21.7
Fighting       | 4 6 8 10 12 16 18 20 21 22 | 22.0
Short Blades   | 1 2 3 |  3.1
Invocations    | 1 5 10 12 16 | 16.0
Armour         | 4 6 7 9 10 12 13 15 18 20 22 | 22.0
Dodging        | 1 3 4 6 10 12 19 | 19.5
Polearms       | 5 |  5.9
Evocations     | 4 6 10 | 10.0

Action                   |  1- 3 |  4- 6 |  7- 9 | 10-12 | 13-15 | 16-18 | 19-21 | 22-24 | 25-27 || total
-------------------------+-------+-------+-------+-------+-------+-------+-------+-------+-------++-------
Melee: War axe           |    84 |     1 |    53 |   128 |       |       |    19 |       |       ||   285
       Dagger            |       |   222 |   407 |    36 |    22 |    18 |       |       |       ||   705
       Whip              |       |       |     6 |       |       |       |       |       |       ||     6
       Halberd           |       |       |       |   138 |       |       |       |       |       ||   138
       Battleaxe         |       |       |       |    91 |   878 |  1550 |   954 |  1108 |  2401 ||  6982
       Executioner's axe |       |       |       |       |       |       |   429 |       |       ||   429
Invok: Heroism           |       |       |       |     8 |    16 |    19 |    20 |    12 |    18 ||    93
       Finesse           |       |       |       |       |     4 |     8 |    10 |     7 |    12 ||    41
 Abil: Dig               |       |       |     6 |     8 |     2 |    48 |     9 |       |    14 ||    87
       Stop Flying       |       |       |       |       |       |       |       |       |     1 ||     1
       Evoke Flight      |       |       |       |       |       |       |       |       |     1 ||     1
Evoke: Wand              |       |       |       |     6 |     6 |     5 |       |     3 |       ||    20
       Lightning rod     |       |       |       |       |     4 |     3 |       |       |       ||     7
       Sack of spiders   |       |       |       |       |       |       |       |     1 |       ||     1
  Use: Scroll            |       |    13 |     2 |     7 |     8 |     9 |    10 |     6 |    16 ||    71
       Potion            |       |     2 |     1 |     3 |     3 |     1 |     5 |     1 |     7 ||    23
 Stab: Confused          |       |       |       |       |       |       |     2 |       |       ||     2
       Distracted        |       |       |       |       |       |       |       |     2 |     1 ||     3
       Petrifying        |       |       |       |       |       |       |       |       |     1 ||     1
  Eat: Chunk             |       |     5 |    11 |    24 |    13 |    22 |    13 |    12 |    23 ||   123
       Ration            |       |       |     2 |       |     4 |     8 |     8 |     2 |     6 ||    30
Armor: Scale mail        |    29 |       |       |       |   174 |   302 |       |       |       ||   505
       Plate armour      |    11 |   102 |   205 |   127 |   180 |   105 |   564 |   211 |   231 ||  1736
       Skin              |       |     7 |       |       |       |       |       |       |       ||     7
       Gold dragon scale |       |       |       |       |       |       |       |       |   130 ||   130
Dodge: Dodged            |    25 |    23 |    46 |    76 |   385 |   390 |   516 |   242 |   612 ||  2315
Block: Shield            |    51 |    78 |   180 |   177 |   541 |   649 |   786 |    33 |       ||  2495
       Reflection        |       |       |       |       |       |     6 |    42 |     9 |   106 ||   163
       Large shield      |       |       |       |       |       |       |       |   905 |  2454 ||  3359

Table legend:
 A = Spawn XP
 B = Non-spawn XP
 C = Spawn XP percentage of total XP
 D = Spawn monster count
 E = Non-spawn monster count
 F = Spawn count percentage of total count
 G = Total turns spent on level
                    A         B        C        D         E        F      G
               +---------+---------+-------+---------+---------+-------+---------
         Total |    6015 | 1484232 |   0.4 |       6 |    2258 |   0.3 | 54504
               +---------+---------+-------+---------+---------+-------+---------
           D:1 |       0 |      29 |   0.0 |       0 |      19 |   0.0 |   869
           D:2 |       0 |      95 |   0.0 |       0 |      26 |   0.0 |   540
           D:3 |       0 |     136 |   0.0 |       0 |      36 |   0.0 |   959
           D:4 |       0 |     424 |   0.0 |       0 |      20 |   0.0 |  1265
           D:5 |       0 |    1664 |   0.0 |       0 |      33 |   0.0 |  1691
           D:6 |       0 |    1396 |   0.0 |       0 |      29 |   0.0 |  1662
           D:7 |       0 |     743 |   0.0 |       0 |      13 |   0.0 |   994
           D:8 |       0 |    1642 |   0.0 |       0 |      19 |   0.0 |  1479
           D:9 |       0 |    5004 |   0.0 |       0 |      27 |   0.0 |  1252
          D:10 |       0 |    6112 |   0.0 |       0 |      47 |   0.0 |  1422
          D:11 |       0 |    5808 |   0.0 |       0 |      43 |   0.0 |   998
          D:12 |       0 |    6379 |   0.0 |       0 |      38 |   0.0 |   876
          D:13 |       0 |   19254 |   0.0 |       0 |      46 |   0.0 |  1076
          D:14 |       0 |   11427 |   0.0 |       0 |      35 |   0.0 |   560
          D:15 |       0 |   21851 |   0.0 |       0 |      50 |   0.0 |  1682
        Lair:1 |       0 |    2517 |   0.0 |       0 |      20 |   0.0 |  1517
        Lair:2 |       0 |    2925 |   0.0 |       0 |      11 |   0.0 |  1115
        Lair:3 |       0 |    9818 |   0.0 |       0 |      31 |   0.0 |  1255
        Lair:4 |       0 |    5569 |   0.0 |       0 |      29 |   0.0 |  1147
        Lair:5 |       0 |   12737 |   0.0 |       0 |      51 |   0.0 |  1032
        Lair:6 |       0 |   27729 |   0.0 |       0 |     114 |   0.0 |  1287
       Swamp:1 |       0 |    6988 |   0.0 |       0 |      16 |   0.0 |   746
       Swamp:2 |       0 |   15467 |   0.0 |       0 |      35 |   0.0 |  1191
       Swamp:3 |       0 |   17696 |   0.0 |       0 |      39 |   0.0 |   826
       Swamp:4 |       0 |   25518 |   0.0 |       0 |      73 |   0.0 |   978
         Orc:1 |       0 |     296 |   0.0 |       0 |       4 |   0.0 |   113
         Orc:2 |       0 |   15279 |   0.0 |       0 |      84 |   0.0 |   928
         Elf:1 |       0 |   20246 |   0.0 |       0 |      38 |   0.0 |  1379
         Elf:2 |       0 |   37401 |   0.0 |       0 |      46 |   0.0 |  1357
         Elf:3 |     852 |   66598 |   1.3 |       1 |      61 |   1.6 |  2358
      Vaults:1 |       0 |   28474 |   0.0 |       0 |      45 |   0.0 |  1404
      Vaults:2 |       0 |   33880 |   0.0 |       0 |      60 |   0.0 |  1260
      Vaults:3 |       0 |   84365 |   0.0 |       0 |     129 |   0.0 |  1488
      Vaults:4 |       0 |   81282 |   0.0 |       0 |     110 |   0.0 |  1552
      Vaults:5 |       0 |  169084 |   0.0 |       0 |     156 |   0.0 |  1493
      Depths:1 |       0 |   39328 |   0.0 |       0 |      41 |   0.0 |   924
      Depths:2 |       0 |   68789 |   0.0 |       0 |      72 |   0.0 |  1222
      Depths:3 |       0 |   70960 |   0.0 |       0 |      88 |   0.0 |  1294
      Depths:4 |       0 |   68515 |   0.0 |       0 |      72 |   0.0 |  1148
      Depths:5 |       0 |   88615 |   0.0 |       0 |      85 |   0.0 |  1033
         Zot:1 |       0 |   75981 |   0.0 |       0 |      47 |   0.0 |   971
         Zot:2 |       0 |   46972 |   0.0 |       0 |      32 |   0.0 |   734
         Zot:3 |       0 |   35249 |   0.0 |       0 |      16 |   0.0 |  1119
         Zot:4 |       0 |   38516 |   0.0 |       0 |      18 |   0.0 |   774
         Zot:5 |       0 |  180443 |   0.0 |       0 |      78 |   0.0 |  1057
       Abyss:3 |    5163 |   12117 |  29.9 |       5 |      17 |  22.7 |   548
           Lab |       0 |    1177 |   0.0 |       0 |       1 |   0.0 |   301
         IceCv |       0 |   11737 |   0.0 |       0 |      58 |   0.0 |  1085
               +---------+---------+-------+---------+---------+-------+---------
